 Dungeon Crawl Stone Soup version 0.31-a0-1009-g454b1f1e0a (webtiles) character file.

Game seed: 12263729670163903933

143 Queen the Shield-Bearer (level 5, -2/42 (43) HPs)
             Began as a Formicid Fighter on Nov 16, 2023.
             Slain by a wight
             ... wielding a +0 great sword
              (10 damage)
             ... in a sewer.
             The game lasted 00:07:07 (2358 turns).

Queen the Shield-Bearer (Formicid Fighter)          Turns: 2358, Time: 00:07:07

HP:   -2/42 (43)    AC:  9    Str: 22    XL:     5   Next: 50%
MP:   5/5           EV:  8    Int:  8    God:
Gold: 160           SH:  5    Dex: 13    Spells: 4/4 levels left

rFire   . . .        a - +0 war axe
rCold   . . .        c - +0 buckler
rNeg    . . .        h - +0 chain mail
rPois   .            (helmet unavailable)
rElec   .            (no cloak)
rCorr   .            (no gloves)
SInv    +            (no boots)
Will    .....        (no amulet) Stlth
                     (no ring)
HPRegen 0.27/turn    (no ring)
MPRegen 0.09/turn

%: no passive effects
@: lightly drained
A: permanent stasis, dig shafts and tunnels, antennae 3, four strong arms
a: Dig


You were in a sewer.
You visited 1 branch of the dungeon, and saw 3 of its levels.
You also visited: Sewer.

You collected 160 gold pieces.

Inventory:

Hand Weapons
 a - a +0 war axe (weapon)
Armour
 c - a +0 buckler (worn)
 h - a +0 chain mail (worn)
Jewellery
 n - a ring of fire
Potions
 b - a potion of cancellation {unknown}
 d - a potion of might
 e - a potion of ambrosia {unknown}
 f - a potion of degeneration {unknown}
 k - 2 potions of brilliance
 l - a potion of berserk rage {unknown}
 m - 4 potions of curing {unknown}


   Skills:
 * Level 4.4 Fighting
 * Level 3.4 Axes
 + Level 3.9 Armour
 + Level 4.8 Shields


You had 4 spell levels left.
You didn't know any spells.
Your spell library was empty.

Dungeon Overview and Level Annotations

Branches:
Dungeon (3/15)              Sewer (1/1)

Altars:


Innate Abilities, Weirdness & Mutations

You cannot be hasted, slowed, berserked, paralysed or teleported.
You can dig through walls and to a lower floor.
You have a pair of large antennae on your head. (SInv)
Your four strong arms can wield two-handed weapons with a shield.


Message History

You miss the bat. You slash the endoplasm!
You kill the endoplasm!
You feel sick. The bat hits you but does no damage. You block the bat's attack.
The giant cockroach bites you but does no damage.
The bat hits you but does no damage.
You take 2 damage, and have 29/43 hp.
You feel sick.
You are no longer poisoned.
The bat hits you but does no damage.
There is an open door here.
You take 1 damage, and have 28/43 hp.
You closely miss the bat.
You hit the giant cockroach but do no damage.
You block the bat's attack. The giant cockroach barely misses you.
The bat hits you but does no damage. You block the giant cockroach's attack.
You miss the bat. You hit the giant cockroach.
You kill the giant cockroach!
The bat hits you but does no damage. x2; You block the bat's attack.
You block the kobold's attack.
You barely miss the bat. You slash the kobold!
You kill the kobold!
You block the bat's attack. The bat barely misses you.
You block the wight's attack.
You hit the wight but do no damage. The bat hits you but does no damage.
You block the wight's attack. The bat hits you but does no damage.
You slash the wight!
The wight is heavily damaged.
You closely miss the bat. The bat barely misses you.
The wight hits you with a +0 great sword!
You feel drained.
You take 15 damage, and have 15/42 hp.
MASSIVE DAMAGE!!
You closely miss the wight.
The wight is heavily damaged.
The bat hits you but does no damage. You block the wight's attack.
The wight hits you with a +0 great sword!
* * * LOW HITPOINT WARNING * * *
You take 8 damage, and have 7/42 hp.
The wight attacks as it pursues you!
The wight hits you with a +0 great sword!
You die...

.#.............≈~#K..#,
..)......)....≈≈≈≈...',
.#.......).....≈≈#...
.####~#≈≈###≈#.####.##
.#≈≈≈~≈≈~≈≈≈≈≈...#..≈#
.#≈≈≈≈≈≈≈≈≈≈≈≈~..#)≈≈#
.#≈≈≈≈≈≈≈≈≈≈≈≈~~.#.~≈#
.#≈≈≈≈≈≈≈≈≈≈≈≈≈~.#KZ≈#
.#≈≈≈≈≈≈≈≈≈≈≈≈≈~@#)≈≈#
.#≈≈≈≈≈≈≈≈≈≈≈≈~~.z.~≈#
.##################≈##
.#≈≈≈≈≈≈≈ {.≈# {
.~≈≈~≈≈≈≈ ~≈# .#≈≈≈≈≈≈≈
≈~# ######### ###


You could see a wight.

Vanquished Creatures
  3 adders (D:2)
  4 gnolls (D:3)
  A shadow imp (Sewer)
  A worm (D:2)
  2 dart slugs
  7 endoplasms
  4 giant cockroaches
  8 goblins
  5 hobgoblins
  12 kobolds
  3 quokkas
  2 ball pythons
  2 bats
  6 frilled lizards
  2 rats
62 creatures vanquished.

Notes
Turn   | Place    | Note
-------+----------+-------------------------------------------
     0 | D:1      | Queen the Formicid Fighter began the quest for the Orb.
     0 | D:1      | Reached XP level 1. HP: 18/18 MP: 1/1
   110 | D:1      | Reached XP level 2. HP: 24/24 MP: 2/2
   298 | D:1      | Reached XP level 3. HP: 30/30 MP: 3/3
  1325 | D:2      | Reached XP level 4. HP: 35/37 MP: 4/4
  2087 | D:3      | Reached XP level 5. HP: 32/42 MP: 5/5
  2210 | D:3      | Found a glowing drain.
  2220 | Sewer    | Entered a sewer
  2358 | Sewer    | Slain by a wight

Illustrated notes

Levels and vault maps discovered:
D:1:      dpeg_arrival_signposts, layout_basic
D:2:      wander_river, layout_basic, minmay_tall_x
D:3:      minmay_door_path, layout_basic, portal_sewer_entry_b,
          minmay_fountain_box, nicolae_eternal_life, kennysheep_pointless_box,
          hangedman_decor_diamond_cutter
Sewer:    kennysheep_sewer_church

Skill      XL: |  1  2  3  4 |
---------------+-------------+-----
Fighting       | 4 |  4.4
Axes           | 3 |  3.4
Armour         | |  3.9
Shields        | |  4.8

Action                     |  1- 3 |  4- 6 || total
---------------------------+-------+-------++-------
  Melee: War axe           |   107 |    98 ||   205
    Use: Scroll            |       |     4 ||     4
 Armour: Scale mail        |    13 |       ||    13
         Chain mail        |    60 |    78 ||   138
  Dodge: Dodged            |    53 |    46 ||    99
  Block: Buckler           |    28 |    36 ||    64

Table legend: (Time is in decaauts)
 A = Elapsed time spent in this place.
 B = Non-inter-level travel time spent in this place.
 C = Inter-level travel time spent in this place.
 D = Time resting spent in this place.
 E = Time spent auto-exploring this place.
 F = Levels seen in this place.
 G = Mean time per level.
                   A        B        C        D        E       F      G
               +--------+--------+--------+--------+--------+-----+--------+
         Total |   2468 |   2368 |    100 |     65 |   1300 |   4 |  617.0 |
       Dungeon |   2314 |   2214 |    100 |     33 |   1262 |   3 |  771.3 |
         Sewer |    154 |    154 |      0 |     32 |     37 |   1 |  154.0 |
               +--------+--------+--------+--------+--------+-----+--------+

Top non-repeatable levels by time:
     D:1: 1093 daAuts
     D:2: 683 daAuts
     D:3: 537 daAuts
   Sewer: 154 daAuts
